| TOP OF THE 1ST |
|
Victoria Capitals batting - Pitching for Calgary Flames : RHP Bruce Boivin
|
|
Pitching: RHP Bruce Boivin
|
|
|
Batting: LHB Addisu Nyamekye
|
0-0: Called Strike 0-1: Foul Ball, location: 2F 0-2: Ground out 2-3 (Groundball, 15S, EV 67.5 MPH)
|
|
Batting: RHB Steve Carmichael
|
0-0: Foul Ball, location: 2F 0-1: Ball 1-1: Called Strike 1-2: Ground out 6-3 (Groundball, 6, EV 101.2 MPH)
|
|
Batting: RHB Ross Hallock
|
0-0: Called Strike 0-1: Ball 1-1: Ball 2-1: SOLO HOME RUN (Flyball, 7D, EV 106.9 MPH), Distance : 408 ft
|
|
Batting: RHB Rich Griffith
|
0-0: Called Strike 0-1: Ball 1-1: SINGLE (Line Drive, 9S, EV 101.2 MPH)
|
|
Batting: RHB Jeremy Marin
|
0-0: Ball 1-0: Ball 2-0: Swinging Strike 2-1: Ball 3-1: SINGLE (Groundball, 6M, EV 88.8 MPH) (infield hit) Rich Griffith to second
|
|
Batting: RHB Josh Rentz
|
0-0: Ball 1-0: Ball 2-0: Called Strike 2-1: Foul Ball, location: 2F 2-2: Strikes out swinging
|
| Top of the 1st over - 1 run, 3 hits, 0 errors, 2 left on base; Victoria 1 - Calgary 0 |
| BOTTOM OF THE 1ST |
|
Calgary Flames batting - Pitching for Victoria Capitals : LHP Geoff Klaas
|
|
Pitching: LHP Geoff Klaas
|
|
|
Batting: LHB Garrett Dodge
|
0-0: Ball 1-0: Ball 2-0: Fly out, F8 (Flyball, 8RD, EV 88.8 MPH)
|
|
Batting: RHB Andre Thompson
|
0-0: Ball 1-0: Swinging Strike 1-1: Called Strike 1-2: Fly out, F7 (Flyball, 78S, EV 83.1 MPH)
|
|
Batting: RHB Norinaga Yamakawakamatsu
|
0-0: Ball 1-0: Swinging Strike 1-1: Foul Ball, location: 2F 1-2: Ball 2-2: Strikes out swinging
|
| Bottom of the 1st over - 0 runs, 0 hits, 0 errors, 0 left on base; Victoria 1 - Calgary 0 |
| TOP OF THE 2ND |
|
Victoria Capitals batting - Pitching for Calgary Flames : RHP Bruce Boivin
|
|
Batting: SHB Rich Roberts
|
0-0: Ball 1-0: Fly out, F8 (Flyball, 8LD, EV 95.6 MPH)
|
|
Batting: LHB Jason Cary
|
0-0: Swinging Strike 0-1: Ball 1-1: Ball 2-1: Swinging Strike 2-2: Ball 3-2: Base on Balls
|
|
Batting: RHB Tristan Martin
|
0-0: Swinging Strike 0-1: Ball 1-1: Ball 2-1: Called Strike 2-2: Strikes out swinging
|
|
Batting: LHB Addisu Nyamekye
|
0-0: Ball 1-0: Foul Ball, location: 2F 1-1: Ball 2-1: Foul Ball, location: 2F 2-2: Foul Ball, location: 2F 2-2: Foul Ball, location: 2F 2-2: Fly out, F9 (Flyball, 9LMF, EV 87.5 MPH)
|
| Top of the 2nd over - 0 runs, 0 hits, 0 errors, 1 left on base; Victoria 1 - Calgary 0 |
| BOTTOM OF THE 2ND |
|
Calgary Flames batting - Pitching for Victoria Capitals : LHP Geoff Klaas
|
|
Batting: RHB Willie Torres
|
0-0: Ball 1-0: Called Strike 1-1: Ball 2-1: Fly out, F8 (Flyball, 8RD, EV 83.1 MPH)
|
|
Batting: LHB Gary Corrales
|
0-0: Ball 1-0: Fly out, F9 (Flyball, 9LM, EV 81.9 MPH)
|
|
Batting: RHB Alejandro Patron
|
0-0: Ball 1-0: SINGLE (Groundball, 6MD, EV 101.2 MPH)
|
|
Batting: RHB Peter Frankel
|
0-0: Called Strike 0-1: Ground out 6-3 (Groundball, 6S, EV 85.0 MPH)
|
| Bottom of the 2nd over - 0 runs, 1 hit, 0 errors, 1 left on base; Victoria 1 - Calgary 0 |
| TOP OF THE 3RD |
|
Victoria Capitals batting - Pitching for Calgary Flames : RHP Bruce Boivin
|
|
Batting: RHB Steve Carmichael
|
0-0: Foul Ball, location: 2F 0-1: Ball 1-1: Ball 2-1: Foul Ball, location: 2F 2-2: Ball 3-2: Fly out, F7 (Flyball, 7D, EV 108.1 MPH)
|
|
Batting: RHB Ross Hallock
|
0-0: Ball 1-0: Fly out, F8 (Flyball, 8RXD, EV 108.8 MPH)
|
|
Batting: RHB Rich Griffith
|
0-0: Called Strike 0-1: Called Strike 0-2: Ball 1-2: Strikes out swinging
|
| Top of the 3rd over - 0 runs, 0 hits, 0 errors, 0 left on base; Victoria 1 - Calgary 0 |
| BOTTOM OF THE 3RD |
|
Calgary Flames batting - Pitching for Victoria Capitals : LHP Geoff Klaas
|
|
Batting: RHB Chad Stady
|
0-0: Swinging Strike 0-1: Foul Ball, location: 2F 0-2: Ball 1-2: Foul Ball, location: 2F 1-2: Strikes out swinging
|
|
Batting: RHB Antonio Martinez
|
0-0: Ball 1-0: Foul Ball, location: 2F 1-1: Ball 2-1: Ground out 3-1 (Groundball, 34, EV 106.9 MPH)
|
|
Batting: LHB Garrett Dodge
|
0-0: Ball 1-0: Swinging Strike 1-1: TRIPLE (Flyball, 9LD, EV 106.9 MPH)
|
|
Batting: RHB Andre Thompson
|
0-0: Called Strike 0-1: Ball 1-1: Foul Ball, location: 2F 1-2: Ground out 4-3 (Groundball, 4S, EV 70.0 MPH)
|
| Bottom of the 3rd over - 0 runs, 1 hit, 0 errors, 1 left on base; Victoria 1 - Calgary 0 |
| TOP OF THE 4TH |
|
Victoria Capitals batting - Pitching for Calgary Flames : RHP Bruce Boivin
|
|
Batting: RHB Jeremy Marin
|
0-0: Called Strike 0-1: Ball 1-1: Foul Ball, location: 2F 1-2: SINGLE (Groundball, 56D, EV 103.1 MPH)
|
|
Batting: RHB Josh Rentz
|
0-0: Swinging Strike 0-1: Ball 1-1: Ball 2-1: Foul Ball, location: 2F 2-2: Strikes out swinging
|
|
Batting: SHB Rich Roberts
|
0-0: Ball 1-0: Foul Ball, location: 2F 1-1: Ball 2-1: Swinging Strike 2-2: Fly out, F8 (Flyball, 8RXD, EV 76.9 MPH)
|
|
Batting: LHB Jason Cary
|
0-0: Called Strike 0-1: Ball 1-1: Ball 2-1: Fly out, F8 (Line Drive, 78M, EV 85.0 MPH)
|
| Top of the 4th over - 0 runs, 1 hit, 0 errors, 1 left on base; Victoria 1 - Calgary 0 |
| BOTTOM OF THE 4TH |
|
Calgary Flames batting - Pitching for Victoria Capitals : LHP Geoff Klaas
|
|
Batting: RHB Norinaga Yamakawakamatsu
|
0-0: Ball 1-0: Ball 2-0: Ball 3-0: Base on Balls
|
|
Batting: RHB Willie Torres
|
0-0: Called Strike 0-1: Swinging Strike 0-2: Ball 1-2: Ball 2-2: SINGLE (Groundball, 6S, EV 74.4 MPH) (infield hit) Norinaga Yamakawakamatsu to second
|
|
Batting: LHB Gary Corrales
|
0-0: Ball 1-0: Fly out, F7 (Flyball, 7LS, EV 96.9 MPH)
|
|
Batting: RHB Alejandro Patron
|
0-0: Grounds into double play, 2-6-3 (Groundball, 13S, EV 71.2 MPH)
|
| Bottom of the 4th over - 0 runs, 1 hit, 0 errors, 1 left on base; Victoria 1 - Calgary 0 |
| TOP OF THE 5TH |
|
Victoria Capitals batting - Pitching for Calgary Flames : RHP Bruce Boivin
|
|
Batting: RHB Tristan Martin
|
0-0: Foul Ball, location: 2F 0-1: Fly out, F9 (Line Drive, 9, EV 101.9 MPH)
|
|
Batting: LHB Addisu Nyamekye
|
0-0: Called Strike 0-1: Ball 1-1: DOUBLE (Flyball, 8RXD, EV 101.2 MPH)
|
|
Batting: RHB Steve Carmichael
|
0-0: Called Strike 0-1: Ground out 6-3 (Groundball, 56, EV 97.5 MPH)
|
|
Pitching: LHP Randy Latendresse
|
|
|
Batting: RHB Ross Hallock
|
0-0: Called Strike 0-1: Swinging Strike 0-2: Foul Ball, location: 2F 0-2: Ball 1-2: 2-RUN HOME RUN (Flyball, 7LD, EV 98.8 MPH), Distance : 364 ft
|
|
Batting: RHB Rich Griffith
|
0-0: Ball 1-0: Called Strike 1-1: Swinging Strike 1-2: Strikes out swinging
|
| Top of the 5th over - 2 runs, 2 hits, 0 errors, 0 left on base; Victoria 3 - Calgary 0 |
| BOTTOM OF THE 5TH |
|
Calgary Flames batting - Pitching for Victoria Capitals : LHP Geoff Klaas
|
|
Batting: RHB Peter Frankel
|
0-0: Called Strike 0-1: Ball 1-1: Fly out, F9 (Flyball, 9LMF, EV 92.5 MPH)
|
|
Batting: RHB Chad Stady
|
0-0: Foul Ball, location: 2F 0-1: Foul Ball, location: 2F 0-2: Ball 1-2: Ball 2-2: Strikes out swinging
|
|
Batting: RHB Antonio Martinez
|
0-0: Foul Ball, location: 2F 0-1: Foul Ball, location: 2F 0-2: Ball 1-2: Strikes out swinging
|
| Bottom of the 5th over - 0 runs, 0 hits, 0 errors, 0 left on base; Victoria 3 - Calgary 0 |
| TOP OF THE 6TH |
|
Victoria Capitals batting - Pitching for Calgary Flames : LHP Randy Latendresse
|
|
Batting: RHB Jeremy Marin
|
0-0: Called Strike 0-1: Swinging Strike 0-2: Ball 1-2: Ball 2-2: Ball 3-2: Ground out 6-3 (Groundball, 6, EV 88.1 MPH)
|
|
Batting: RHB Josh Rentz
|
0-0: Called Strike 0-1: Ball 1-1: Foul Ball, location: 2F 1-2: Strikes out looking
|
|
Batting: SHB Rich Roberts
|
0-0: Ball 1-0: Swinging Strike 1-1: Swinging Strike 1-2: Foul Ball, location: 2F 1-2: Strikes out swinging
|
| Top of the 6th over - 0 runs, 0 hits, 0 errors, 0 left on base; Victoria 3 - Calgary 0 |
| BOTTOM OF THE 6TH |
|
Calgary Flames batting - Pitching for Victoria Capitals : LHP Geoff Klaas
|
|
Batting: LHB Garrett Dodge
|
0-0: Ball 1-0: SINGLE (Groundball, 5S, EV 73.1 MPH) (infield hit)
|
|
Batting: RHB Andre Thompson
|
0-0: Foul Ball, location: 2F 0-1: Swinging Strike 0-2: Strikes out swinging
|
|
Batting: RHB Norinaga Yamakawakamatsu
|
0-0: Grounds into double play, 4-6-3 (Groundball, 4, EV 86.9 MPH)
|
| Bottom of the 6th over - 0 runs, 1 hit, 0 errors, 0 left on base; Victoria 3 - Calgary 0 |
| TOP OF THE 7TH |
|
Victoria Capitals batting - Pitching for Calgary Flames : LHP Randy Latendresse
|
|
Pinch Hitting: LHB Taki Matsui
|
0-0: Swinging Strike 0-1: Called Strike 0-2: Ball 1-2: Foul Ball, location: 2F 1-2: Strikes out swinging
|
|
Batting: RHB Tristan Martin
|
0-0: Ball 1-0: Called Strike 1-1: Called Strike 1-2: Ball 2-2: Foul Ball, location: 2F 2-2: Foul Ball, location: 2F 2-2: Strikes out swinging
|
|
Batting: LHB Addisu Nyamekye
|
0-0: Swinging Strike 0-1: Foul Ball, location: 2F 0-2: Ball 1-2: Foul Ball, location: 2F 1-2: Ball 2-2: Fly out, F8 (Line Drive, 8LD, EV 95.6 MPH)
|
| Top of the 7th over - 0 runs, 0 hits, 0 errors, 0 left on base; Victoria 3 - Calgary 0 |
| BOTTOM OF THE 7TH |
|
Calgary Flames batting - Pitching for Victoria Capitals : LHP Geoff Klaas
|
|
Now in LF: Steve Carmichael
|
|
|
Now in CF: Matt Hepburn
|
|
|
Now in RF: Rick Harrison
|
|
|
Batting: RHB Willie Torres
|
0-0: Ball 1-0: Ball 2-0: Foul Ball, location: 2F 2-1: Ball 3-1: Swinging Strike 3-2: Strikes out swinging
|
|
Batting: LHB Gary Corrales
|
0-0: Ball 1-0: Foul Ball, location: 2F 1-1: Ball 2-1: Foul Ball, location: 2F 2-2: Strikes out swinging
|
|
Batting: RHB Alejandro Patron
|
0-0: Called Strike 0-1: Called Strike 0-2: Ball 1-2: Strikes out swinging, 2-3 out at first.
|
| Bottom of the 7th over - 0 runs, 0 hits, 0 errors, 0 left on base; Victoria 3 - Calgary 0 |
| TOP OF THE 8TH |
|
Victoria Capitals batting - Pitching for Calgary Flames : LHP Randy Latendresse
|
|
Batting: RHB Steve Carmichael
|
0-0: Called Strike 0-1: Ball 1-1: Swinging Strike 1-2: Strikes out looking
|
|
Batting: RHB Ross Hallock
|
0-0: Ball 1-0: SINGLE (Line Drive, 34D, EV 97.5 MPH)
|
|
Pitching: RHP Dennis Seebacher
|
|
|
Batting: RHB Rich Griffith
|
0-0: Ball Ross Hallock is caught stealing 2nd base 2-4 1-0: Foul Ball, location: 2F 1-1: Ball 2-1: Foul Ball, location: 2F 2-2: Strikes out swinging
|
| Top of the 8th over - 0 runs, 1 hit, 0 errors, 0 left on base; Victoria 3 - Calgary 0 |
| BOTTOM OF THE 8TH |
|
Calgary Flames batting - Pitching for Victoria Capitals : LHP Geoff Klaas
|
|
Batting: RHB Peter Frankel
|
0-0: Swinging Strike 0-1: Fly out, F8 (Flyball, 8RM, EV 86.2 MPH)
|
|
Batting: RHB Chad Stady
|
0-0: Swinging Strike 0-1: Ball 1-1: Foul Ball, location: 2F 1-2: Strikes out swinging
|
|
Batting: RHB Antonio Martinez
|
0-0: Called Strike 0-1: Swinging Strike 0-2: Ball 1-2: Ball 2-2: Foul Ball, location: 2F 2-2: Strikes out looking
|
| Bottom of the 8th over - 0 runs, 0 hits, 0 errors, 0 left on base; Victoria 3 - Calgary 0 |
| TOP OF THE 9TH |
|
Victoria Capitals batting - Pitching for Calgary Flames : RHP Dennis Seebacher
|
|
Batting: RHB Jeremy Marin
|
0-0: Called Strike 0-1: Called Strike 0-2: Ball 1-2: Ball 2-2: Foul Ball, location: 2F 2-2: Ball 3-2: Base on Balls
|
|
Pinch Hitting: RHB Jesus Santiago
|
0-0: Ball 1-0: Ball 2-0: Ball 3-0: Called Strike 3-1: Base on Balls Jeremy Marin to second
|
|
Batting: SHB Rich Roberts
|
0-0: Sac Bunt to 15S - play at first, batter OUT! 1-3 Jeremy Marin to third Jesus Santiago to second
|
|
Batting: LHB Rick Harrison
|
0-0: Swinging Strike 0-1: Ball 1-1: Fly out, F5 (Popup, 5S, EV 83.1 MPH)
|
|
Batting: LHB Matt Hepburn
|
0-0: Ball 1-0: Ball 2-0: Foul Ball, location: 2F 2-1: Swinging Strike 2-2: Strikes out swinging
|
| Top of the 9th over - 0 runs, 0 hits, 0 errors, 2 left on base; Victoria 3 - Calgary 0 |
| BOTTOM OF THE 9TH |
|
Calgary Flames batting - Pitching for Victoria Capitals : LHP Geoff Klaas
|
|
Pitching: LHP Matt Lee
|
|
|
Now at C: Neal Perucci
|
|
|
Pinch Hitting: RHB Ahmed Elezi
|
0-0: Swinging Strike 0-1: Foul Ball, location: 2F 0-2: Strikes out swinging
|
|
Batting: RHB Andre Thompson
|
0-0: Ball 1-0: Swinging Strike 1-1: Foul Ball, location: 2F 1-2: Ball 2-2: Strikes out looking
|
|
Batting: RHB Norinaga Yamakawakamatsu
|
0-0: Called Strike 0-1: Fly out, F7 (Flyball, 7, EV 93.1 MPH)
|
| Bottom of the 9th over - 0 runs, 0 hits, 0 errors, 0 left on base; Victoria 3 - Calgary 0 |
|